 Dungeon Crawl Stone Soup version 0.31.0-1-g2c135a008e (webtiles) character file.

Game seed: 15369088324395540501

1652 qw the Shooter (level 9, -6/65 HPs)
             Began as a Djinni Hunter on Jan 23, 2024.
             Mangled by a two-headed ogre
             ... wielding a +0 giant spiked club
              (10 damage)
             ... on level 6 of the Dungeon.
             The game lasted 00:00:29 (5616 turns).

qw the Shooter (Djinni Hunter)                      Turns: 5616, Time: 00:00:29

Health: -6/65      AC:  8    Str: 16    XL:     9   Next: 19%
Gold:   219        EV: 14    Int: 10    God:
                   SH:  0    Dex: 22

rFire   + + .        a - +0 shortbow (flame)
rCold   . . .        (shield currently unavailable)
rNeg    . . .        h - +0 ring mail
rPois   inf          c - +0 helmet
rElec   .            (no cloak)
rCorr   .            k - +0 pair of gloves
SInv    .            (boots unavailable)
Will    .....        (no amulet)
Stlth   +            j - ring of protection from cold
HPRegen 0.30/turn    l - +6 ring of strength
MPRegen 0.00/turn

%: infuse magic (-7 HP)
@: flying
A: sickness immunity, fire resistance 2, cold vulnerability 1, float, innate
caster, HP casting, extra vitality 1
a: no special abilities


You were on level 6 of the Dungeon.
You visited 1 branch of the dungeon, and saw 6 of its levels.

You collected 419 gold pieces.
You spent 200 gold pieces at shops.


Innate Abilities, Weirdness & Mutations

You are immune to sickness and miasma.
You are immune to poison.
Your flesh is very heat resistant. (rF++)
You are vulnerable to cold. (rC-)
You float through the air rather than walking.
You learn spells naturally, not from books.
Your magical power is your life essence.
You have superior vitality. (+4 MHP)


   Skills:
 - Level 5.0 Fighting
 + Level 7.7 Ranged Weapons
 - Level 3.6 Armour
 - Level 5.0 Dodging
 - Level 0.7 Stealth


You knew the following spells:

 Your Spells              Type           Power      Damage    Failure   Level
a - Kiss of Death         Conj/Necr      0%         2d5       56%         1
b - Call Imp              Summ           0%         N/A       71%         2
c - Dazzling Flash        Conj/Hex       0%         N/A       90%         3
d - Cause Fear            Hex            0%         N/A       100%        4
Your spell library was empty.

Inventory:

Hand Weapons
 a - a +0 shortbow of flaming (weapon)
Armour
 c - a +0 helmet (worn)
 h - a +0 ring mail (worn)
 k - a +0 pair of gloves (worn)
Jewellery
 j - a ring of protection from cold (left hand)
 l - a +6 ring of strength (right hand)
Wands
 d - a wand of roots (10)
Potions
 e - a potion of curing

Dungeon Overview and Level Annotations

Branches:
Dungeon (6/15)
 Temple: D:4-7

Altars:
Ashenzari
Cheibriados
Gozag
Nemelex Xobeh
The Shining One

Shops:
D:4 *


Message History

Aiming: Quicksilver Bolt
Press: ? - help, Q - select action, (/) - cycle Shift-Dir - straight line, f/p - two-headed ogre The bolt of dispelling energy hits the two-headed ogre!
The two-headed ogre is moderately wounded.
The now-empty wand crumbles to dust.
You shoot an arrow.
The arrow barely misses the two-headed ogre.
The two-headed ogre hits you with a +0 giant spiked club!
The two-headed ogre closely misses you.
You shoot an arrow.
The arrow hits the two-headed ogre but does no damage.
The two-headed ogre is moderately wounded.
The two-headed ogre barely misses you.
The two-headed ogre hits you with a +0 giant club!
You shoot an arrow.
The arrow closely misses the two-headed ogre.
You shoot an arrow. The arrow hits the two-headed ogre.
The arrow burns the two-headed ogre.
The two-headed ogre is heavily wounded.
The two-headed ogre barely misses you.
The two-headed ogre hits you with a +0 giant club!
You shoot an arrow. The arrow hits the two-headed ogre.
The arrow burns the two-headed ogre.
The two-headed ogre is heavily wounded.
The two-headed ogre closely misses you.
The two-headed ogre hits you with a +0 giant club!
You shoot an arrow.
The arrow hits the two-headed ogre but does no damage.
The two-headed ogre is heavily wounded.
You shoot an arrow. The arrow hits the two-headed ogre!
The arrow burns the two-headed ogre.
The two-headed ogre is severely wounded.
The two-headed ogre closely misses you.
The two-headed ogre completely misses you.
You shoot an arrow.
The arrow hits the two-headed ogre but does no damage.
The two-headed ogre is severely wounded.
The two-headed ogre hits you with a +0 giant spiked club!
The two-headed ogre hits you with a +0 giant club!
You die...

.! ..#.# ... .###....#
... ......... ##.###
....#..# #.....#
#.....# .8...8.
#.....####O......
##........@..._...
#.........#....... ....
...#......#.8...8. ....
##......##.....#
..[..###........###.###
............#.........
......#..##.##..... .##
......#.###.##.....# #
..###...<#...#..#...


You could see a two-headed ogre.

Vanquished Creatures
  Grinder (D:3)
  Sigmund (D:3)
  A water moccasin (D:6)
  An ice beast (D:5)
  A sky beast (D:4)
  2 ogres
  A phantom (D:4)
  2 scorpions
  A howler monkey (D:4)
  A hound (D:5)
  2 orc priests (D:5)
  Ijyb (D:3)
  An iguana (D:4)
  8 orc wizards
  Robin (D:4)
  3 gnolls (D:5)
  12 adders
  A shadow imp (D:5)
  3 dart slugs
  A ribbon worm (D:2)
  21 orcs
  6 bats
  3 endoplasms
  15 goblins
  9 hobgoblins
  4 jackals (D:4)
  2 quokkas (D:1)
  8 ball pythons
  2 frilled lizards
  9 kobolds
  5 rats
129 creatures vanquished.

Notes
Turn   | Place    | Note
-------+----------+-------------------------------------------
     0 | D:1      | qw the Djinni Hunter began the quest for the Orb.
     0 | D:1      | Reached XP level 1. HP: 18/18 MP: 0/0
     0 | D:1      | 0 ||| qw: Version: 0.3-a-136-gdd3b4e8
     0 | D:1      | 0 ||| qw: Game counter: 1128
     0 | D:1      | 0 ||| qw: Melee chars always use a shield: true
     0 | D:1      | 0 ||| qw: God list: Okawaru
     0 | D:1      | 0 ||| qw: Allow faded altars: false
     0 | D:1      | 0 ||| qw: Do Orc after clearing Dungeon:15 true
     0 | D:1      | 0 ||| qw: Do second Lair branch before Depths: true
     0 | D:1      | 0 ||| qw: Lair rune preference: random
     0 | D:1      | 0 ||| qw: Goals: Normal
     0 | D:1      | 0 ||| PLANNING D:1-11
    70 | D:1      | Reached XP level 2. HP: 23/23 MP: 0/0
   770 | D:1      | 770 ||| UPGRADING to +0 pair of gloves.
   775 | D:1      | 775 ||| READING scroll labelled DIATEUGECEAV.
   776 | D:1      | 776 ||| READING scroll labelled FEAGHOU HOPNEOTH.
   777 | D:1      | 777 ||| READING scroll labelled ZIRYAL COETUU.
   781 | D:1      | 781 ||| READING 3 scrolls labelled CEICRU QUHOBB.
   781 | D:1      | 781 ||| IDENTIFYING blue potion
   782 | D:1      | 782 ||| READING 2 scrolls of identify.
   782 | D:1      | 782 ||| IDENTIFYING 2 bubbling inky potions
   783 | D:1      | 783 ||| READING scroll of identify.
   783 | D:1      | 783 ||| IDENTIFYING 2 bubbling pink potions
   784 | D:1      | 784 ||| DROPPING scroll of butterflies.
   785 | D:1      | 785 ||| DROPPING potion of brilliance.
   786 | D:1      | 786 ||| DROPPING 2 potions of berserk rage.
   829 | D:2      | Reached skill level 4 in Ranged Weapons
   829 | D:2      | Reached XP level 3. HP: 28/28 MP: 0/0
   829 | D:2      | Learned a level 1 spell: Kiss of Death
   937 | D:2      | 937 ||| FLEEEEING.
  1010 | D:2      | Reached skill level 3 in Fighting
  1010 | D:2      | Reached XP level 4. HP: 27/35 MP: 0/0
  1921 | D:2      | Reached skill level 3 in Dodging
  1975 | D:2      | 1975 ||| READING 2 scrolls of identify.
  1975 | D:2      | 1975 ||| IDENTIFYING fizzy brown potion
  1976 | D:2      | 1976 ||| READING scroll of identify.
  1976 | D:2      | 1976 ||| IDENTIFYING scroll labelled UCKE JUHUM MYI
  1977 | D:2      | 1977 ||| READING scroll of brand weapon.
  1977 | D:2      | 1977 ||| BRANDING +0 shortbow.
  1978 | D:2      | 1978 ||| DROPPING potion of magic.
  1999 | D:3      | Noticed Ijyb
  2008 | D:3      | Killed Ijyb
  2009 | D:3      | Reached XP level 5. HP: 40/40 MP: 0/0
  2009 | D:3      | Learned a level 2 spell: Call Imp
  2108 | D:3      | You are sucked into a shaft and drop 2 floors!
  2108 | D:5      | Entered Level 5 of the Dungeon
  2203 | D:4      | Noticed a sky beast
  2216 | D:4      | 2216 ||| ZAPPING wand of quicksilver (9) at 1,0 (sky beast;
                  | floor).
  2216 | D:4      | Killed a sky beast
  2217 | D:4      | Reached skill level 5 in Ranged Weapons
  2217 | D:4      | Reached XP level 6. HP: 39/46 MP: 0/0
  2338 | D:3      | Noticed Grinder
  2339 | D:3      | 2339 ||| ZAPPING wand of quicksilver (8) at -6,-3 (Grinder;
                  | floor).
  2340 | D:3      | 2340 ||| ZAPPING wand of quicksilver (7) at -5,-2 (Grinder;
                  | floor).
  2340 | D:3      | Paralysed by Grinder for 3 turns
  2343 | D:3      | 2343 ||| ZAPPING wand of quicksilver (6) at -4,-2 (Grinder;
                  | floor).
  2343 | D:3      | Killed Grinder
  2344 | D:3      | Reached skill level 3 in Armour
  2344 | D:3      | Reached XP level 7. HP: 50/50 MP: 0/0
  2344 | D:3      | Learned a level 3 spell: Dazzling Flash
  2380 | D:3      | 2380 ||| READING 3 scrolls of brand weapon.
  2380 | D:3      | 2380 ||| BRANDING +0 shortbow of draining.
  2381 | D:3      | 2381 ||| READING 2 scrolls of brand weapon.
  2381 | D:3      | 2381 ||| BRANDING +0 shortbow of flaming.
  2382 | D:3      | 2382 ||| READING scroll of brand weapon.
  2382 | D:3      | 2382 ||| BRANDING +0 shortbow of draining.
  2421 | D:3      | Noticed Sigmund
  2422 | D:3      | 2422 ||| ZAPPING wand of quicksilver (5) at -6,-1 (Sigmund;
                  | floor).
  2423 | D:3      | 2423 ||| ZAPPING wand of quicksilver (4) at -5,-1 (Sigmund;
                  | floor).
  2424 | D:3      | 2424 ||| ZAPPING wand of quicksilver (3) at -4,-1 (Sigmund;
                  | floor).
  2424 | D:3      | Killed Sigmund
  2635 | D:3      | 2635 ||| UPGRADING to +0 ring mail.
  2658 | D:3      | 2658 ||| DROPPING +0 leather armour.
  2661 | D:3      | Found a broken altar of Ashenzari.
  2896 | D:3      | 2896 ||| UPGRADING to +0 helmet.
  3004 | D:3      | 3004 ||| READING scroll of identify.
  3004 | D:3      | 3004 ||| IDENTIFYING bubbling cyan potion
  3005 | D:3      | 3005 ||| READING scroll labelled UMITOI DUGANT.
  3006 | D:3      | 3006 ||| DROPPING potion of degeneration.
  3063 | D:4      | Reached XP level 8. HP: 56/58 MP: 0/0
  3080 | D:4      | Noticed Robin
  3100 | D:4      | Killed Robin
  3101 | D:4      | 3101 ||| DRINKING 2 potions of curing.
  3101 | D:4      | 3101 ||| (to cure confusion)
  3102 | D:4      | 3102 ||| FLEEEEING.
  3103 | D:4      | 3103 ||| FLEEEEING.
  3104 | D:4      | 3104 ||| FLEEEEING.
  3105 | D:4      | 3105 ||| FLEEEEING.
  3106 | D:4      | 3106 ||| FLEEEEING.
  3202 | D:4      | Found Med Siph's Elemental Accessories.
  3210 | D:4      | 3210 ||| BUYING wand of flame (26) (200 gold).
  3210 | D:4      | Bought a wand of flame (26) for 200 gold pieces
  3352 | D:4      | Reached skill level 6 in Ranged Weapons
  3395 | D:4      | Found a glowing golden altar of the Shining One.
  3395 | D:4      | Found a sparkling altar of Nemelex Xobeh.
  3944 | D:4      | 3944 ||| READING 2 scrolls labelled VEL YCSE FIOD.
  3945 | D:4      | 3945 ||| DROPPING scroll of fear.
  4307 | D:5      | Reached skill level 7 in Ranged Weapons
  4500 | D:5      | Found a snail-covered altar of Cheibriados.
  4524 | D:5      | HP: 5/58 [ice beast (15)]
  4525 | D:5      | 4525 ||| READING scroll of teleportation.
  4706 | D:5      | 4706 ||| READING 2 scrolls of identify.
  4706 | D:5      | 4706 ||| IDENTIFYING purple potion
  4707 | D:5      | 4707 ||| READING scroll of identify.
  4707 | D:5      | 4707 ||| IDENTIFYING scroll labelled SOYSAXZ YT HUTH
  4708 | D:5      | 4708 ||| DROPPING scroll of poison.
  4709 | D:5      | 4709 ||| DROPPING potion of ambrosia.
  4878 | D:5      | Reached XP level 9. HP: 65/65 MP: 0/0
  4878 | D:5      | Learned a level 4 spell: Cause Fear
  5494 | D:5      | 5494 ||| UPGRADING to ring of protection from cold.
  5495 | D:5      | 5495 ||| UPGRADING to +6 ring of strength.
  5496 | D:5      | 5496 ||| READING scroll of identify.
  5496 | D:5      | 5496 ||| IDENTIFYING scroll labelled INEIHE NERCHOYS
  5497 | D:5      | 5497 ||| DROPPING wand of flame (49).
  5498 | D:5      | 5498 ||| DROPPING scroll of silence.
  5597 | D:6      | Found an opulent altar of Gozag.
  5601 | D:6      | Noticed a two-headed ogre
  5607 | D:6      | 5607 ||| ZAPPING wand of quicksilver (2) at 2,-3
                  | (two-headed ogre; floor).
  5608 | D:6      | 5608 ||| ZAPPING wand of quicksilver (1) at 1,-2
                  | (two-headed ogre; floor).
  5616 | D:6      | HP: 4/65 [two-headed ogre/+0 giant spiked club (17)]
  5616 | D:6      | Mangled by a two-headed ogre

Levels and vault maps discovered:
D:1:      nicolae_arrival_somewhat_less_tricky_arrival, layout_basic,
          minmay_misc_feat_four_crosses, kennysheep_nondescript,
          hangedman_decor_growths
D:2:      layout_basic, corexii_hall_statues_x
D:3:      layout_loops_corners, nicolae_ashenzari_skybound, uniq_grinder,
          uniq_sigmund, uniq_ijyb
D:4:      layout_basic, mainiacjoe_overflow_divided_tiny,
          small_statue_intersection, nicolae_elemental_shop, uniq_robin
D:5:      layout_gridville, mainiacjoe_overflow_24_doors,
          kennysheep_orc_sif_temple
D:6:      layout_cave_pools, grunt_gozag_statues,
          mainiacjoe_overflow_cross_hatched, st_stairs_12, uniq_prince_ribbit1

Skill      XL: |  1  2  3  4  5  6  7  8  9 |
---------------+----------------------------+-----
Ranged Weapons | 4 5 7 |  7.7
Fighting       | 3 4 5 |  5.0
Dodging        | 3 4 5 |  5.0
Armour         | 3 |  3.6
Stealth        | |  0.7

Action                     |  1- 3 |  4- 6 |  7- 9 || total
---------------------------+-------+-------+-------++-------
   Fire: Shortbow          |    67 |    70 |   274 ||   411
  Evoke: Wand              |       |     4 |     5 ||     9
    Use: Scroll            |     6 |     3 |    10 ||    19
         Potion            |       |       |     1 ||     1
 Armour: Leather armour    |    18 |    27 |     6 ||    51
         Ring mail         |       |       |   135 ||   135
  Dodge: Dodged            |    33 |    22 |    84 ||   139

Table legend:
 A = Non-vault XP
 B = Vault XP
 C = Vault XP percentage of total XP
 D = Non-vault monster count
 E = Vault monster count
 F = Vault count percentage of total count
                 A         B        C        D         E       F
            +---------+---------+-------+---------+---------+-------
      Total |    1674 |     687 |  29.1 |     109 |      20 |  15.5
            +---------+---------+-------+---------+---------+-------
        D:1 |      23 |       0 |   0.0 |      14 |       0 |   0.0
        D:2 |      94 |       0 |   0.0 |      21 |       0 |   0.0
        D:3 |      91 |     540 |  85.6 |      18 |       3 |  14.3
        D:4 |     741 |      40 |   5.1 |      35 |      13 |  27.1
        D:5 |     583 |     107 |  15.5 |      20 |       4 |  16.7
        D:6 |     142 |       0 |   0.0 |       1 |       0 |   0.0
            +---------+---------+-------+---------+---------+-------
